Get step-by-step instructions on how to execute this build order below. Start the game timer, and the build order will tick by so you can play in parallel with StarCraft on a second screen or mobile device.

Game Time

  0:00

Last Step

  N/A

Next Step

Upcoming Step



Don't want to look back and forth between 2 screens? Try out our Overwolf App, the Spawning Tool Build Advisor to get an in-game overlay with this build!

Complete Build Order

  12  0:01  Drone  
  13  0:12  Overlord  
  13  0:18  Drone  
  14  0:31  Drone x2  
  14  0:34  Drone  
  17  0:54  Drone  
  17  0:56  Hatchery  
  17  0:57  Drone  
  18  1:09  Extractor  
  17  1:13  Spawning Pool  
  17  1:16  Drone  
  17  1:19  Drone  
  18  1:28  Drone  
  20  1:40  Drone  
  20  1:49  Drone  
  21  2:00  Overlord  
  21  2:08  Zergling x2  
  21  2:09  Queen x2  
  26  2:20  Drone  
  27  2:26  Hatchery  
  27  2:29  Metabolic Boost  
  25  3:00  Drone  
  25  3:01  Drone x5  
  31  3:16  Drone x2  
  33  3:29  Drone x2  
  35  3:37  Overlord x4  
  35  3:46  Lair  
  35  3:51  Evolution Chamber  
  35  3:53  Evolution Chamber  
  35  3:55  Queen  
  33  3:57  Queen  
  33  4:02  Drone x3  
  40  4:04  Drone x3  
  40  4:06  Drone  
  40  4:07  Drone x2  
  46  4:13  Drone x3  
  49  4:27  Baneling Nest  
  49  4:30  Drone x3  
  51  4:31  Extractor  
  51  4:32  Drone x4  
  51  4:34  Drone  
  55  4:41  Queen  
  55  4:42  Queen  
  59  5:07  Zergling x4  
  59  5:08  Zergling x8  
  59  5:13  Overlord x2  
  59  5:14  Overlord x2  
  65  5:27  Hatchery  
  64  5:28  Centrifugal Hooks  
  64  5:29  Zerg Melee Weapons Level 1  
  64  5:32  Zergling x18  
  73  5:38  Hatchery  
  72  5:45  Zergling x6  
  75  5:53  Zerg Ground Armor Level 1  
  75  5:54  Drone  
  75  5:55  Drone x8  
  84  5:58  Extractor x2  
  84  5:59  Drone  
  84  6:04  Drone x2, Extractor x2  
  81  6:12  Baneling x5  
  78  6:19  Spore Crawler x2  
  78  6:20  Spore Crawler  
  78  6:21  Spore Crawler  
  78  6:24  Spore Crawler x2  
  78  6:25  Spore Crawler  
  71  6:26  Spore Crawler  
  71  6:27  Drone  
  71  6:28  Drone x5  
  71  6:29  Drone  
  71  6:30  Drone  
  72  6:54  Queen x3  
  72  6:55  Queen  
  80  7:14  Spore Crawler  
  79  7:17  Drone x2  
  79  7:18  Drone  
  79  7:19  Drone  
  79  7:21  Drone x12  
  95  7:24  Zerg Melee Weapons Level 2  
  95  7:30  Hydralisk Den  
  95  7:34  Infestation Pit  
  95  7:35  Spore Crawler  
  92  7:48  Zergling x4  
  92  7:49  Zergling x22  
  82  8:35  Drone  
  82  8:36  Drone x12  
  82  8:37  Drone x3  
  95  9:00  Extractor x2  
  92  9:08  Drone x5  
  92  9:09  Drone x4  
  99  9:12  Hydralisk  
  99  9:15  Muscular Augments  
  100  9:17  Hive  
  100  9:24  Drone x4  
  101  9:30  Drone  
  99  9:48  Hydralisk x2  
  103  9:53  Hatchery  
  90  10:14  Hydralisk x7  
  90  10:17  Overlord x2  
  90  10:18  Overlord x3  
  90  10:19  Grooved Spines  
  100  10:31  Viper  
  103  10:35  Overlord x2  
  103  10:36  Overlord  
  103  10:37  Viper x4  
  105  10:46  Hydralisk  
  99  10:55  Hydralisk  
  99  10:56  Hydralisk x2  
  94  11:12  Hydralisk  
  94  11:13  Hydralisk x8  
  112  11:18  Hydralisk  
  112  11:19  Hydralisk x2  
  112  11:23  Drone x4  
  122  11:46  Drone x11  
  122  11:47  Drone  
  134  11:52  Queen  
  134  11:53  Extractor, Queen x2  
  134  11:54  Queen x2  
  139  11:56  Zerg Melee Weapons Level 3, Zerg Ground Armor Level 2  
  139  12:01  Zergling x18  
  148  12:20  Zergling x16  
  156  12:23  Adrenal Glands  
  156  12:39  Queen  
  158  12:46  Overlord x6  
  158  13:03  Unknown  
  158  13:25  Hatchery  
  156  13:33  Hatchery  
  139  13:44  Hydralisk x6  
  139  13:45  Hydralisk x24  
  199  13:51  Lurker Den  
  198  14:23  Zerg Ground Armor Level 3  
  198  14:29  Hydralisk  
  200  14:33  Zerg Missile Weapons Level 1  
  97  15:44  Hydralisk  
  97  15:45  Hydralisk x28  
  97  15:46  Hydralisk x5  
  155  15:57  Drone x7  
  156  15:59  Drone x2  
  156  16:01  Drone  
  165  16:06  Drone  
  165  16:08  Drone x5  
  132  16:58  Viper  
  132  16:59  Viper x4  
  140  17:02  Hydralisk x9  
  140  17:03  Hydralisk x8  
  173  17:18  Hydralisk  
  173  17:19  Hydralisk x8  
  191  18:18  Drone  
  191  18:19  Drone x2  
  194  18:20  Drone x4  
  194  18:21  Drone  
  194  18:23  Drone  
  200  19:01  Zergling x24  
  174  19:34  Hydralisk x14  
  196  19:51  Zergling x16  
  196  19:52  Zergling x2  
  199  19:57  Queen  
  200  20:24  Hatchery  
  199  20:33  Zergling x4, Hatchery  
  200  20:37  Baneling x7  
  200  20:38  Baneling x11  
  198  21:18  Hydralisk x4  
  191  21:29  Lurker  
  109  21:49  Hydralisk x10  
  109  21:50  Hydralisk x13  
  108  22:13  Hydralisk x2  
  108  22:14  Hydralisk  
  106  22:45  Lurker  
  95  23:02  Zergling x6  
  90  23:15  Zergling x2  
  91  23:34  Zergling x2  
  92  24:00  Hydralisk x4  
  92  24:01  Hydralisk x12  
  124  24:05  Zergling x2  
  124  24:06  Zergling x2  
  124  24:08  Zergling x2  
  127  24:15  Hatchery  
  118  24:30  Baneling x5  
  118  24:31  Baneling x7  
  107  24:56  Drone x6